 Dungeon Crawl Stone Soup version 0.17-a0-473-gfd9ac06 (webtiles) character file.

129393 DEFE the Bludgeoner (level 17, 0/109 HPs)
             Began as a Kobold Fighter on Apr 7, 2015.
             Was a High Priest of Okawaru.
             Slain by hornqvist's ghost (2 damage)
             ... on level 2 of the Swamp.
             The game lasted 01:33:05 (42859 turns).

DEFE the Bludgeoner (Kobold Fighter)               Turns: 42859, Time: 01:33:05

Health: 0/109      AC: 39    Str: 21    XL:     17   Next: 61%
Magic:  23/25      EV: 21    Int:  2    God:    Okawaru [*****.]
Gold:   1352       SH: 11    Dex: 20    Spells: 0 memorised, 16 levels left

rFire  + . .     SeeInvis +     n - +8 morningstar of the Eel {crush, Dex+4}
rCold  + . .     Clarity  +     q - +2 gold dragon armour
rNeg   + . .     SustAb   .     Q - +1 buckler {AC+3}
rPois  +         Gourm    .     t - +0 hat {MR+}
rElec  .         Spirit   .     N - +2 cloak of the Flute {rN+ Int-4 SInv}
rCorr  .         Warding  .     u - +0 pair of gloves
rMut   .         Stasis   .     o - +1 pair of boots {run}
MR     ++...                    Y - amulet of clarity
Stlth  ..........               K - +3 ring of evasion
                                I - +4 ring of protection

@: heroism, very slightly contaminated, hasted, very quick, very resistant to
hostile enchantments, extremely unstealthy
A: yellow scales 1, carnivore 3
a: Heroism, Finesse, Renounce Religion


You were on level 2 of the Swamp.
You worshipped Okawaru.
Okawaru was extremely pleased with you.
You were not hungry.

You visited 5 branches of the dungeon, and saw 30 of its levels.
You also visited: Volcano.

You collected 2941 gold pieces.
You spent 1589 gold pieces at shops.

Inventory:

Hand weapons
 b - a +2 antimagic flail
 n - the +8 morningstar of the Eel (weapon) {crush, Dex+4}
   (You bought it in a shop on level 4 of the Orcish Mines)

   It inflicts extra damage upon your enemies.
   It affects your dexterity (+4).
 J - a +2 flail of protection
Armour
 o - a +1 pair of boots of running (worn)
 q - a +2 gold dragon armour (worn)
 t - a +0 hat of magic resistance (worn)
 u - a +0 pair of gloves (worn)
 C - a +2 helmet of intelligence
 N - the +2 cloak of the Flute (worn) {rN+ Int-4 SInv}
   (You found it on level 8 of the Lair of Beasts)

   It affects your intelligence (-4).
   It protects you from negative energy.
   It enhances your eyesight.
 Q - a +1 buckler of protection (worn)
Jewellery
 c - an uncursed ring of fire
 s - an uncursed ring of positive energy
 E - an uncursed amulet of regeneration {unknown}
 F - an uncursed ring of flight
 I - a +4 ring of protection (left hand)
 K - a +3 ring of evasion (right hand)
 Y - an amulet of clarity (around neck)
Magical devices
 g - a wand of teleportation (5)
 P - a wand of digging (7)
 X - a wand of hasting (2)
Scrolls
 f - 8 scrolls of teleportation
 i - 7 scrolls of immolation
 m - 4 scrolls of recharging
 p - a scroll of amnesia
 x - 6 scrolls of magic mapping
 y - 11 scrolls of random uselessness
 B - 15 scrolls of remove curse
 D - 2 scrolls of enchant weapon
 M - a scroll of blinking {unknown}
 O - a scroll of fear
 R - a scroll of silence
 T - a scroll of holy word
Potions
 a - 2 potions of haste
 e - a potion of ambrosia
 h - 4 potions of agility
 l - 2 potions of cure mutation
 r - 3 potions of brilliance
 w - 4 potions of restore abilities
 A - 5 potions of curing
 G - a potion of resistance
 S - 3 potions of cancellation
 U - a potion of berserk rage
 W - 3 potions of magic
 Z - 3 potions of might
Comestibles
 d - 11 meat rations
 j - 3 slices of pizza
 v - 2 royal jellies
 z - 4 beef jerkies


   Skills:
 + Level 13.3(18.3) Fighting
 - Level 16.0(21.0) Maces & Flails
 + Level 10.4(15.4) Armour
 + Level 13.6(18.6) Dodging
 + Level 10.3(15.3) Shields
 + Level 11.1 Invocations


You had 16 spell levels left.
You didn't know any spells.

Dungeon Overview and Level Annotations

Branches:
Dungeon (15/15)            Temple (1/1) D:7            Lair (8/8) D:9
  Swamp (2/5) Lair:5        Snake (0/5) Lair:3        Slime (0/6) Lair:6
    Orc (4/4) D:11            Elf (0/3) Orc:3        Vaults (0/5) D:13
 Depths (0/5) D:15

Altars:
Ashenzari
Cheibriados
Dithmenos
Elyvilon
Fedhas
Gozag
Kikubaaqudgha
Makhleb
Nemelex Xobeh
Okawaru
Qazlal
Ru
Sif Muna
Trog
Vehumet
Xom
Yredelemnul
Zin
The Shining One
Beogh

Shops:
D:4 *   D:7 (   D:13 ?   Orc:4 *:([

Annotations:
Lair:4 exclusion: oklob plant
Swamp:2 hornqvist's ghost, powerful OgBe


Innate Abilities, Weirdness & Mutations

You are small and have problems with some larger weapons.
You are carnivorous and can eat meat at any time.
You are partially covered in yellow scales (AC +2).


Message History

Hornqvist's ghost hits you!!
* * * LOW HITPOINT WARNING * * *
x2 You are too injured to fight recklessly!
You are too injured to fight recklessly!
You are too injured to fight recklessly!
Unknown command.
Evoke which item? (* to show all) (? for menu, Esc to quit)
Zapping:
X - a wand of hasting (3)
Press: ? - help, Shift-Dir - straight line, f - you You feel yourself speed up.
You are very lightly contaminated with residual magic.
This wand has 2 charges left.
Hornqvist's ghost hits you but does no damage.
You hit hornqvist's ghost.
Hornqvist's ghost is heavily damaged.
You hit hornqvist's ghost.
Hornqvist's ghost is heavily damaged.
Hornqvist's ghost hits you!!
* * * LOW HITPOINT WARNING * * *
You die...

♣♣♣♣ ♣♣♣≈≈♣♣♣
..♣♣♣......♣♣
≈.≈....$≈.P..♣♣♣ ♣ ≈
≈..≈≈≈≈W@..≈♣♣≈♣≈≈...
≈..≈≈≈≈≈..[..........
≈≈.♣♣≈≈≈♣♣♣♣§≈≈≈≈≈≈≈≈≈≈
≈≈.♣§..♣ ♣.≈≈§≈≈≈≈≈≈
....≈..♣ ♣♣♣≈|≈...♣♣≈≈
≈≈≈≈≈.≈≈♣♣♣≈....§≈.♣ ♣
≈≈≈≈≈≈.†≈.:(≈≈≈..≈.♣
..≈≈≈≈≈≈..≈≈=.≈≈.....≈
....≈≈≈≈≈≈....≈...≈≈...


You could see hornqvist's ghost.

Vanquished Creatures
  Rupert (Orc:3)
  Gastronok (Lair:2)
  Frances (Swamp:1)
  Maud (Lair:6)
  An orc warlord (Orc:4)
  A dire elephant (D:15)
  Snorg (Orc:1)
  2 vault guards (D:13)
  Fannar (Lair:3)
  10 hydras
  6 catoblepae
  A centaur warrior (D:14)
  13 death yaks (Lair:8)
  An alligator (Lair:5)
  2 tengu warriors
  Urug (Orc:3)
  4 orc high priests (Orc:4)
  Nergalle (Orc:1)
  A skeletal warrior (D:14)
  3 unseen horrors
  2 wizards (D:13)
  Pikel (D:8)
  A swamp dragon (Swamp:1)
  2 necromancers
  A salamander (D:15)
  10 orc knights
  10 hill giants
  17 ugly things
  A wolf spider zombie (D:15)
  5 cyclopes
  4 black mambas
  6 griffons
  3 manticores
  A wolf spider (D:15)
  5 orc sorcerers
  6 centaur zombies
  4 elephants (Lair:5)
  2 gargoyles
  A queen ant (Lair:1)
  3 molten gargoyles (Volcano)
  12 spiny frogs
  2 kobold demonologists
  6 komodo dragons
  A hydra zombie (D:13)
  4 fire drakes
  2 tengu conjurers
  8 trolls
  A polar bear (Lair:5)
  5 giant leeches
  2 fire vortices (Volcano)
  4 ravens
  3 slime creatures (D:14)
  22 blink frogs
  A bog body (Lair:5)
  3 two-headed ogres
  8 wyverns
  3 fire elementals (Volcano)
  4 shadows
  5 basilisks
  51 yaks
  2 deep elf magi
  18 humans (D:13)
  13 vampire mosquitoes
  2 wraiths (D:14)
  Grum (D:8)
  5 hippogriffs
  A mottled dragon (D:13)
  5 wargs
  5 hungry ghosts
  8 wolves
  4 insubstantial wisps (Swamp:1)
  8 swamp worms
  20 soldier ants (Lair:1)
  2 hell hounds
  13 water moccasins
  A slave (D:8)
  2 swamp drakes (Swamp:1)
  8 porcupines
  3 phantoms
  6 ice beasts
  36 orc warriors
  5 boggarts (D:15)
  6 sky beasts
  A wasp (D:11)
  19 centaurs
  17 ogres
  16 crocodiles
  8 big kobolds
  A water moccasin zombie (D:8)
  A wyvern zombie (D:14)
  18 giant frogs
  5 scorpions
  A wyvern skeleton (D:14)
  5 wights (D:13)
  A water moccasin skeleton (D:10)
  An electric eel (D:15)
  8 crimson imps
  2 giant frog zombies
  A gnoll shaman (D:7)
  3 goliath beetles
  28 orc wizards
  12 jellies
  2 giant frog skeletons
  26 orc priests
  6 centaur skeletons
  3 iguanas
  11 hounds
  35 worker ants
  5 polar bear simulacra (Lair:5)
  3 wolf simulacra (Lair:5)
  A mottled dragon zombie (D:13)
  18 sheep
  11 gnolls (D:7)
  A hound skeleton (D:4)
  20 adders
  37 river rats
  8 shadow imps
  7 worms
  2 adder skeletons
  6 giant geckos
  3 oozes
  195 orcs
  13 bats
  A bat skeleton (D:6)
  A bat zombie (D:5)
  2 giant cockroaches
  27 goblins
  22 hobgoblins
  3 jackals (D:6)
  16 quokkas
  A ball python zombie (D:5)
  3 giant newts
  A giant spore (D:10)
  29 kobolds
  23 rats
  2 river rat simulacra (Lair:5)
  8 ballistomycetes
  A bush (D:12)
1160 creatures vanquished.

Vanquished Creatures (collateral kills)
  A wyvern (Lair:6)
  A basilisk (Lair:6)
  A hippogriff (Lair:6)
3 creatures vanquished.

Vanquished Creatures (others)
  2 fire vortices (Volcano)
  A water moccasin (Swamp:1)
  A black bear (D:6)
  A slave (D:10)
  A crimson imp (D:14)
  A hound (D:8)
  2 orc wizards (D:6)
  An adder (D:6)
  A giant spore (D:9)
  4 fungi
15 creatures vanquished.

Grand Total: 1178 creatures vanquished

Notes
Turn   | Place    | Note
--------------------------------------------------------------
     0 | D:1      | DEFE, the Kobold Fighter, began the quest for the Orb.
     0 | D:1      | Reached XP level 1. HP: 14/14 MP: 1/1
   179 | D:1      | Reached XP level 2. HP: 17/19 MP: 2/2
   940 | D:2      | Reached XP level 3. HP: 19/23 MP: 3/3
  1319 | D:2      | Reached skill level 1 in Dodging
  1508 | D:2      | Reached XP level 4. HP: 20/28 MP: 4/4
  2345 | D:3      | Reached XP level 5. HP: 22/33 MP: 5/5
  2972 | D:3      | Reached skill level 4 in Fighting
  2972 | D:3      | Reached XP level 6. HP: 8/38 MP: 6/6
  3742 | D:4      | Got a bloodstained helmet
  3753 | D:4      | Identified the +2 helmet of Disguise {Int+2} (You found it on level 4 of the Dungeon)
  3789 | D:4      | Reached XP level 7. HP: 38/44 MP: 7/7
  3906 | D:4      | Found Gekoeruu's Goods Gallery.
  4042 | D:4      | Found a bloodstained altar of Trog.
  4048 | D:4      | Found an ancient bone altar of Kikubaaqudgha.
  4147 | D:5      | Entered Level 5 of the Dungeon
  4283 | D:5      | Found a blossoming altar of Fedhas.
  4679 | D:5      | Found a shattered altar of Ashenzari.
  5162 | D:5      | Reached skill level 5 in Fighting
  5162 | D:5      | Reached XP level 8. HP: 32/49 MP: 8/8
  5347 | D:5      | Found a shadowy altar of Dithmenos.
  5405 | D:5      | Reached skill level 5 in Maces & Flails
  5991 | D:6      | Found a shimmering altar of Xom.
  6873 | D:6      | Reached skill level 6 in Maces & Flails
  7192 | D:6      | Reached XP level 9. HP: 55/55 MP: 9/9
  7198 | D:6      | Found a deep blue altar of Sif Muna.
  7550 | D:6      | Reached skill level 5 in Dodging
  8312 | D:7      | Found a staircase to the Ecumenical Temple.
  8321 | Temple   | Entered the Ecumenical Temple
  8971 | D:7      | Reached skill level 7 in Maces & Flails
  9146 | D:7      | Found an iron altar of Okawaru.
  9201 | D:7      | Became a worshipper of Warmaster Okawaru
  9412 | D:7      | Found Yriz Quv's Weapon Emporium.
  9536 | D:7      | Reached skill level 5 in Shields
 10053 | D:8      | Noticed Pikel
 10078 | D:8      | Killed Pikel
 10078 | D:8      | Acquired Okawaru's first power
 10078 | D:8      | Reached skill level 5 in Armour
 10078 | D:8      | Reached XP level 10. HP: 61/63 MP: 10/10
 10453 | D:8      | Noticed Grum
 10461 | D:8      | Reached skill level 8 in Maces & Flails
 10497 | D:8      | Killed Grum
 11435 | D:9      | Found a staircase to the Lair.
 11459 | D:9      | Found a glowing golden altar of the Shining One.
 11476 | D:9      | Found a blossoming altar of Fedhas.
 11955 | D:9      | Noticed a cyan ugly thing
 12417 | D:9      | Killed a cyan ugly thing
 12417 | D:9      | Reached skill level 9 in Maces & Flails
 12564 | D:9      | Reached XP level 11. HP: 39/68 MP: 11/11
 13020 | D:10     | Entered Level 10 of the Dungeon
 13052 | D:10     | Noticed a hill giant
 13069 | D:10     | Killed a hill giant
 13133 | D:10     | Noticed a cyan ugly thing
 13155 | D:10     | Killed a cyan ugly thing
 13223 | D:10     | Noticed a hill giant
 13258 | D:10     | Killed a hill giant
 13947 | D:10     | Reached skill level 1 in Invocations
 14505 | D:11     | Reached skill level 10 in Maces & Flails
 14547 | D:11     | Noticed a tengu warrior
 14626 | D:11     | Killed a tengu warrior
 14676 | D:11     | Identified a scroll of acquirement
 14874 | D:11     | Noticed a cyclops
 14889 | D:11     | Killed a cyclops
 15104 | D:11     | Killed an unseen horror
 15104 | D:11     | Reached XP level 12. HP: 34/76 MP: 9/13
 15437 | D:11     | Noticed a hill giant
 15457 | D:11     | Killed a hill giant
 15582 | D:11     | Found a staircase to the Orcish Mines.
 16169 | Orc:1    | Entered Level 1 of the Orcish Mines
 16321 | Orc:1    | Noticed Nergalle
 16344 | Orc:1    | Killed Nergalle
 16344 | Orc:1    | Acquired Okawaru's second power
 16344 | Orc:1    | Reached skill level 11 in Maces & Flails
 16455 | Orc:2    | Paralysed by an orc sorcerer for 5 turns
 17117 | Orc:2    | Found a roughly hewn altar of Beogh.
 17367 | Orc:1    | Noticed Snorg
 17405 | Orc:1    | Killed Snorg
 17956 | D:4      | Bought a +0 gold dragon armour for 1040 gold pieces
 18117 | Lair:1   | Entered Level 1 of the Lair of Beasts
 19271 | Lair:1   | Reached XP level 13. HP: 76/82 MP: 16/16
 19291 | Lair:1   | Reached skill level 10 in Fighting
 19520 | Lair:1   | Reached skill level 5 in Invocations
 20767 | Lair:2   | Noticed Gastronok
 20792 | Lair:2   | Killed Gastronok
 20792 | Lair:2   | Received a gift from Okawaru
 20792 | Lair:2   | Reached skill level 12 in Maces & Flails
 20792 | Lair:2   | Reached skill level 10 in Dodging
 22138 | Lair:3   | Noticed Fannar
 22167 | Lair:3   | Killed Fannar
 22167 | Lair:3   | Received a gift from Okawaru
 22600 | Lair:3   | Found a staircase to the Snake Pit.
 23263 | Lair:4   | Received a gift from Okawaru
 23742 | Lair:5   | Received a gift from Okawaru
 24164 | Lair:5   | Gained mutation: You are partially covered in yellow scales (AC +2). [potion of beneficial mutation]
 24295 | Lair:5   | Reached XP level 14. HP: 77/88 MP: 15/18
 24558 | Lair:5   | Found a staircase to the Swamp.
 25381 | Lair:5   | Reached skill level 13 in Maces & Flails
 26570 | Lair:6   | Noticed Maud
 26612 | Lair:6   | Killed Maud
 27640 | Lair:6   | Got a slimy helmet
 27651 | Lair:6   | Identified the +1 helmet "Ysmi" {rC- Str+6} (You found it on level 6 of the Lair of Beasts)
 28070 | Lair:6   | Found a staircase to the Slime Pits.
 29670 | Lair:7   | Received a gift from Okawaru
 30400 | Lair:8   | Entered Level 8 of the Lair of Beasts
 30587 | Lair:8   | Got a slimy cloak
 30602 | Lair:8   | Identified the +2 cloak of the Flute {rN+ Int-4 SInv} (You found it on level 8 of the Lair of Beasts)
 30648 | Lair:8   | Reached XP level 15. HP: 84/95 MP: 21/21
 31878 | Lair:8   | Reached skill level 14 in Maces & Flails
 32287 | Lair:8   | Received a gift from Okawaru
 33801 | Orc:3    | Noticed Urug
 33834 | Orc:3    | Killed Urug
 33998 | Orc:3    | Found a staircase to the Elven Halls.
 34826 | Orc:3    | Noticed Rupert
 34845 | Orc:3    | Killed Rupert
 34974 | Orc:4    | Entered Level 4 of the Orcish Mines
 35102 | Orc:4    | Found a dark tunnel.
 35122 | Volcano  | Entered a volcano
 35714 | Orc:4    | Found Kabivi's Book Shop.
 35802 | Orc:4    | Reached XP level 16. HP: 101/101 MP: 23/23
 35902 | Orc:4    | Noticed an orc warlord
 36085 | Orc:4    | Killed an orc warlord
 36095 | Orc:4    | Found Ceul's General Store.
 36159 | Orc:4    | Received a gift from Okawaru
 36173 | Orc:4    | Found Huibude's Antique Weapon Shop.
 36183 | Orc:4    | Bought a warped morningstar for 342 gold pieces
 36184 | Orc:4    | Identified the +8 morningstar of the Eel {crush, Dex+4} (You bought it in a shop on level 4 of the Orcish Mines)
 36572 | Orc:4    | Found Horelanno's Antique Armour Boutique.
 36583 | Orc:4    | Bought a pair of embroidered boots for 117 gold pieces
 36589 | Orc:4    | Identified a +1 pair of boots of running (You bought it in a shop on level 4 of the Orcish Mines)
 37644 | D:12     | Reached skill level 15 in Maces & Flails
 38548 | D:13     | Found Teji's Magic Scroll Shop.
 38551 | D:13     | Bought a scroll of identify for 30 gold pieces
 38551 | D:13     | Bought a scroll of identify for 30 gold pieces
 38551 | D:13     | Bought a scroll of identify for 30 gold pieces
 38608 | D:13     | Reached skill level 10 in Invocations
 38620 | D:13     | Reached skill level 10 in Armour
 38710 | D:13     | Found a gate to the Vaults.
 38746 | D:13     | Received a gift from Okawaru
 39477 | D:14     | Reached skill level 10 in Shields
 39773 | D:14     | Reached XP level 17. HP: 101/108 MP: 24/24
 39805 | D:14     | Received a gift from Okawaru
 40263 | D:14     | Found a sacrificial altar of Ru.
 40434 | D:15     | Entered Level 15 of the Dungeon
 40808 | D:15     | Found a staircase to the Depths.
 41004 | D:15     | Received a gift from Okawaru
 41842 | Swamp:1  | Entered Level 1 of the Swamp
 41848 | Swamp:1  | Noticed Frances
 41858 | Lair:5   | Reached skill level 16 in Maces & Flails
 41992 | Swamp:1  | Killed Frances
 42839 | Swamp:2  | Noticed hornqvist's ghost (powerful OgBe)
 42859 | Swamp:2  | HP: 2/109 [hornqvist's ghost (27)]
 42859 | Swamp:2  | Slain by hornqvist's ghost

Action                   |  1- 3 |  4- 6 |  7- 9 | 10-12 | 13-15 | 16-18 || total
-------------------------+-------+-------+-------+-------+-------+-------++-------
Melee: Flail             |   125 |   248 |   840 |  1370 |  2476 |       ||  5059
       Whip              |       |       |       |    32 |    38 |       ||    70
       Morningstar       |       |       |       |       |   239 |  1185 ||  1424
Invok: Heroism           |       |       |       |    17 |    41 |     7 ||    65
       Finesse           |       |       |       |       |     1 |       ||     1
Evoke: Wand              |       |       |     7 |     5 |     1 |     1 ||    14
  Use: Potion            |       |     5 |     2 |     5 |     8 |     1 ||    21
       Scroll            |       |     5 |     9 |     9 |    18 |     6 ||    47
 Stab: Confused          |       |       |     1 |       |       |     2 ||     3
       Invisible         |       |       |       |       |     4 |       ||     4
  Eat: Chunk             |     1 |     9 |    27 |    26 |    59 |    21 ||   143
       Pizza             |       |       |       |     3 |       |       ||     3
       Beef jerky        |       |       |       |     1 |       |       ||     1
